 Dungeon Crawl Stone Soup version 0.30-a0-242-g7bf8e6d787 (webtiles) character file.

Game seed: 12018489609793768414

25 Darkkill the Shooter (level 3, -1/28 HPs)
             Began as a Human Hunter on Oct 11, 2022.
             Slain by a hobgoblin (4 damage)
             ... on level 2 of the Dungeon.
             The game lasted 00:00:48 (667 turns).

Darkkill the Shooter (Human Hunter)                  Turns: 667, Time: 00:00:48

Health: -1/28      AC:  3    Str: 13    XL:     3   Next: 20%
Magic:  3/3        EV: 12    Int:  9    God:
Gold:   79         SH:  0    Dex: 16    Spells: 2/2 levels left

rFire   . . .      SeeInvis .    a - +0 shortbow
rCold   . . .      Faith    .    (shield currently unavailable)
rNeg    . . .      Spirit   .    c - +0 leather armour
rPois   .          Reflect  .    (no helmet)
rElec   .          Harm     .    (no cloak)
rCorr   .          Rampage  .    (no gloves)
Will    .....                    (no boots)
Stlth   ++........               (no amulet)
HPRegen 0.24/turn                (no ring)
MPRegen 0.08/turn                (no ring)

@: no status effects
A: no striking features
a: no special abilities


You were on level 2 of the Dungeon.
You visited 1 branch of the dungeon, and saw 2 of its levels.

You collected 79 gold pieces.

Inventory:

Hand Weapons
 a - a +0 shortbow (weapon)
Armour
 c - a +0 leather armour (worn)
Jewellery
 i - a ring of positive energy
Scrolls
 b - a scroll of immolation
 j - a scroll of amnesia {unknown}
 k - a scroll of blinking {unknown}
 l - a scroll of noise {unknown}
Potions
 e - 2 potions of attraction
 f - a potion of mutation {unknown}
 g - a potion of resistance {unknown}


   Skills:
 + Level 2.4 Fighting
 + Level 4.2 Ranged Weapons
 + Level 2.3 Dodging
 + Level 1.7 Stealth


You had 2 spell levels left.
You didn't know any spells.
Your spell library was empty.

Dungeon Overview and Level Annotations

Branches:
Dungeon (2/15)

Altars:


Message History

Done exploring.
No target in view!
Done exploring.
No target in view!
No target in view!
Done exploring.
There is a stone staircase leading down here.
You climb downwards.
Found four items.
There is a stone staircase leading up here.
There are monsters nearby!
You shoot an arrow. The arrow hits the ball python!
You kill the ball python!
A quokka is nearby!
You shoot an arrow. The arrow hits the quokka.
The quokka is almost dead.
You shoot an arrow. The arrow barely misses the quokka.
A quokka is nearby!
A quokka is nearby!
You shoot an arrow. The arrow hits the quokka.
You kill the quokka!
i - a ring of positive energy No target in view!
No target in view!
j - a scroll labelled ETUCEMOSUU No target in view!
Found a dagger.
No target in view!
k - a scroll labelled KUSCHI SEICHAIT No target in view!
There is a stone staircase leading up here.
l - a scroll labelled NAGRIS GYNYM No target in view!
An orc priest and a hobgoblin come into view.
Found a mace.
The hobgoblin shouts!
The orc priest shouts!
You hear a shout! x2
A hobgoblin comes into view.
There are monsters nearby!
You shoot an arrow. The hobgoblin shouts!
The arrow hits the hobgoblin.
The hobgoblin is severely wounded.
You shoot an arrow.
The arrow hits the hobgoblin but does no damage.
The hobgoblin is severely wounded.
You hear a shout!
The hobgoblin completely misses you.
An orc priest comes into view. It is wielding a +0 hand axe.
The orc priest calls down the wrath of Beogh upon you.
Beogh smites you! The hobgoblin hits you.
An orc comes into view. It is wielding a +0 dagger.
There are monsters nearby!
There are monsters nearby!
You are too injured to fight recklessly!
There are monsters nearby!
You are too injured to fight recklessly!
There are monsters nearby!
You are too injured to fight recklessly!
You are too injured to fight recklessly!
There are monsters nearby!
You are too injured to fight recklessly!
There are monsters nearby!
As you read the scroll labelled SAPREI FEUZ, it crumbles to dust.
It is a scroll of identify.
e - 2 potions of attraction The hobgoblin barely misses you.
You shoot an arrow. The arrow closely misses the hobgoblin.
The hobgoblin barely misses you.
You shoot an arrow. The arrow hits the hobgoblin.
The hobgoblin is almost dead.
The hobgoblin hits you but does no damage.
The orc priest mumbles some strange prayers to Beogh against you.
Beogh smites you!
* * * LOW HITPOINT WARNING * * *
As you read the scroll of identify {@r1}, it crumbles to dust.
h - a potion of heal wounds The hobgoblin hits you but does no damage.
An orc priest comes into view. It is wielding a +0 dagger.
You feel much better. The hobgoblin barely misses you.
You shoot an arrow. The arrow closely misses the hobgoblin.
The arrow hits the orc!
You kill the orc!
The hobgoblin barely misses you.
An orc comes into view. It is wielding a +0 mace.
The orc priest calls down the wrath of Beogh upon you.
Beogh smites you!
Ouch! That really hurt!
The hobgoblin hits you.
You shoot an arrow.
The arrow hits the hobgoblin but does no damage.
The hobgoblin is almost dead.
The orc priest calls down the wrath of Beogh upon you.
Beogh smites you!
* * * LOW HITPOINT WARNING * * *
The hobgoblin closely misses you.
You shoot an arrow. The arrow closely misses the hobgoblin.
The arrow hits the orc priest!
The orc priest is heavily wounded.
The hobgoblin hits you.
You die... .#. #.# ### ..###.. .. #..... .)..... .#... oog

.. #g# ...
#@###.##.
####.#.....
#####......#.###
................
#####........####
#..<.†......#
#........##.
#......#.#
#.#.........#


You could see an orc priest, an orc and 2 hobgoblins.

Vanquished Creatures
  2 dart slugs (D:1)
  An orc (D:2)
  A ball python (D:2)
  2 bats (D:1)
  An endoplasm (D:1)
  2 giant cockroaches (D:1)
  A goblin (D:1)
  A hobgoblin (D:1)
  2 kobolds (D:1)
  3 quokkas
  A rat (D:1)
17 creatures vanquished.

Notes
Turn   | Place    | Note
-------+----------+-------------------------------------------
     0 | D:1      | Darkkill the Human Hunter began the quest for the Orb.
     0 | D:1      | Reached XP level 1. HP: 16/16 MP: 1/1
    93 | D:1      | Reached XP level 2. HP: 21/22 MP: 2/2
   265 | D:1      | Reached XP level 3. HP: 28/28 MP: 3/3
   662 | D:2      | HP: 3/28 [orc priest/divine providence (12)]
   667 | D:2      | Slain by a hobgoblin

Illustrated notes

Levels and vault maps discovered:
D:1:      saegor_arrival_simple_b, layout_basic
D:2:      layout_loops_ring, nicolae_ecumenical_snake_handling,
          minmay_misc_feat_x, chequers_mini_garden

Action                   || total
-------------------------++-------
 Fire: Shortbow          ||    47
  Use: Scroll            ||     2
       Potion            ||     1
Armor: Leather armour    ||     4
Dodge: Dodged            ||    13

Table legend: (Time is in decaauts)
 A = Elapsed time spent in this place.
 B = Non-inter-level travel time spent in this place.
 C = Inter-level travel time spent in this place.
 D = Time resting spent in this place.
 E = Time spent auto-exploring this place.
 F = Levels seen in this place.
 G = Mean time per level.
                   A        B        C        D        E       F      G
               +--------+--------+--------+--------+--------+-----+--------+
         Total |    682 |    656 |     26 |      0 |    557 |   2 |  341.0 |
       Dungeon |    682 |    656 |     26 |      0 |    557 |   2 |  341.0 |
               +--------+--------+--------+--------+--------+-----+--------+

Top non-repeatable levels by time:
     D:1: 650 daAuts
     D:2: 32 daAuts

Table legend:
 A = Kills in this place as a percentage of kills in entire the game.
 B = Kills by you in this place as a percentage of kills by you in the entire game.
 C = Kills by friends in this place as a percentage of kills by friends in the entire game.
 D = Other kills in this place as a percentage of other kills in the entire game.
 E = Experience gained in this place as a percentage of experience gained in the entire game.
 F = Experience gained in this place divided by the number of levels of this place that you have seen.
                   A       B       C       D       E      F
               +-------+-------+-------+-------+-------+----------------------
         Total | 100.0 | 100.0 |   N/A |   N/A | 100.0 |  18.5
       Dungeon | 100.0 | 100.0 |   N/A |   N/A | 100.0 |  18.5
               +-------+-------+-------+-------+-------+----------------------
